 Dungeon Crawl Stone Soup version 0.19.1 (webtiles) character file.

4912 Bitard the Basher (level 10, -3/90 HPs)
             Began as a Minotaur Berserker on Dec 20, 2016.
             Was an Elder of Trog.
             Slain by an orc warrior
             ... wielding a cursed +0 war axe
              (12 damage)
             ... on level 9 of the Dungeon on Dec 23, 2016.
             The game lasted 00:30:51 (6627 turns).

Bitard the Basher (Minotaur Berserker)              Turns: 6627, Time: 00:30:54

Health: -3/90      AC:  9    Str: 24    XL:     10   Next: 27%
Magic:  8/8        EV: 20    Int:  5    God:    Trog [****..]
Gold:   455        SH:  0    Dex: 12    Spells: 0 memorised, 9 levels left

rFire  . . .     SeeInvis .     a - +0 mace
rCold  . . .     Gourm    +     d - +0 ring mail
rNeg   . . .     Faith    .     (no shield)
rPois  .         Spirit   .     (helmet restricted)
rElec  .         Reflect  .     (no cloak)
rCorr  .         Harm     .     (no gloves)
MR     +++..     Rnd*Rage +     (no boots)
Stlth  +.........               v - amulet of the gourmand
                                B - +6 ring of evasion
                                p - ring of protection from magic

@: exhausted, regenerating, slowed, very slow
A: retaliatory headbutt, fangs 1, horns 2, talons 1, thin skeletal structure 1,
yellow scales 1, berserk 1, low mp 1
a: Berserk, Trog's Hand, Brothers in Arms, Burn Spellbooks, Renounce Religion


You were on level 9 of the Dungeon.
You worshipped Trog.
Trog was greatly pleased with you.
You were full.

You visited 2 branches of the dungeon, and saw 10 of its levels.

You collected 455 gold pieces.

Inventory:

Hand Weapons
 a - a +0 mace (weapon)
Armour
 d - a +0 ring mail (worn)
Jewellery
 f - an uncursed ring of fire
 p - a ring of protection from magic (left hand)
 v - an amulet of the gourmand (around neck)
 y - an uncursed amulet of harm
 B - a +6 ring of evasion (right hand)
 I - a cursed ring of teleportation
Wands
 A - a wand of flame (35/48)
 C - a wand of acid (8/15)
 K - a wand of disintegration (15/24)
Scrolls
 b - a scroll of enchant weapon {unknown}
 e - 3 scrolls of remove curse {unknown}
 i - 5 scrolls of teleportation {unknown}
 j - 4 scrolls of identify
 k - 2 scrolls of immolation {unknown}
 q - 2 scrolls of magic mapping {unknown}
 s - 2 scrolls of enchant armour {unknown}
 t - a scroll of random uselessness {unknown}
 u - 4 scrolls of fear {unknown}
 w - a scroll of noise {unknown}
 x - a scroll of fog {unknown}
 D - a scroll of recharging {unknown}
 G - a scroll of blinking {unknown}
 L - a scroll of torment {unknown}
 N - a scroll of amnesia {unknown}
Potions
 g - a potion of invisibility {unknown}
 l - a potion of agility {unknown}
 n - a potion of curing {unknown}
 o - a potion of ambrosia {unknown}
 r - a potion of beneficial mutation {unknown}
 z - 2 potions of lignification {unknown}
 E - a potion of heal wounds {unknown}
 F - a potion of haste {unknown}
 H - a potion of degeneration {unknown}
 J - a potion of berserk rage {unknown}
 M - a potion of brilliance {unknown}
Comestibles
 c - 9 bread rations
 h - 3 beef jerkies
 m - 2 meat rations


   Skills:
 + Level 8.6 Fighting
 + Level 12.1 Maces & Flails
 + Level 9.1 Armour
 + Level 7.0 Dodging


You had 9 spell levels left.
You didn't know any spells.

Dungeon Overview and Level Annotations

Branches:
Dungeon (9/15)             Temple (1/1) D:5
   Lair: D:8-11         Orc: D:9-12

Altars:
Ashenzari
Cheibriados
Dithmenos
Elyvilon
Fedhas
Hepliaklqana
Kikubaaqudgha
Makhleb
Nemelex Xobeh
Okawaru
Qazlal
Ru
Sif Muna
Trog
Uskayaw
Vehumet
Xom
Yredelemnul
Zin
The Shining One

Shops:
D:7 }


Innate Abilities, Weirdness & Mutations

You reflexively headbutt those who attack you in melee.
You have a pair of horns on your head.
You have very sharp teeth.
You have sharp toenails.
You have a somewhat thin skeletal structure. (Dex +2, Stealth)
You are partially covered in yellow scales. (AC +2)
You tend to lose your temper in combat.
Your magical capacity is low. (-10% MP)


Message History

The orc warrior misses you.
You closely miss the orc warrior. Your kick misses the orc warrior.
You headbutt the orc warrior.
The orc warrior is almost dead.
The orc warrior barely misses you.
The orc wizard casts a spell.
The orc wizard blinks!
You hit the orc warrior but do no damage.
You claw the orc warrior, but do no damage.
The orc warrior is almost dead.
The orc warrior completely misses you.
A quasit comes into view.
The quasit gives a chilling moan.
You hit the orc warrior but do no damage.
Your kick misses the orc warrior. Your bite misses the orc warrior.
The orc warrior is almost dead.
The orc wizard gestures wildly while chanting.
The orc wizard blinks!
The orc warrior hits you with a war axe!
You die...

#.# #.))....... #.#
#.#o).oo... #.#
#)§#)..#... ##.#
###o##8## #..# #.(.# ##
### #.#####o#.#.# ..#
#o§.........# #.#
#o#####.#.#.# #.# #@#
#.....# #.# #(# ###.#.#
##.#####.###.# #.#.#
...........5.#######<#.#
...>...)..)).......#.#.#
.........###.#####.#.#.#
..######## #.#
#.....##### #
#.#####.........##
#.................


You could see an orc warrior, an orc wizard and a quasit.

Vanquished Creatures
  Erolcha (D:9)
  A hill giant (D:7)
  A gargoyle (D:7)
  The ghost of Perturabo the Covered, an amateur HOFi (D:3)
  A hippogriff (D:7)
  A spriggan (D:7)
  The ghost of eXcel the Digger, an amateur GrEE (D:4)
  5 orc warriors
  An ice beast (D:8)
  2 phantoms
  A sky beast (D:6)
  A centaur (D:9)
  3 bullfrogs (D:6)
  A wyvern skeleton (D:7)
  A water moccasin skeleton (D:7)
  2 howler monkeys
  8 crimson imps
  A jelly (D:5)
  9 orc priests
  3 hounds
  Jessica (D:2)
  3 iguanas
  12 orc wizards
  6 worker ants
  2 killer bee zombies
  A hound zombie (D:7)
  A howler monkey zombie (D:8)
  A worker ant zombie (D:6)
  3 gnolls (D:6)
  9 adders
  3 shadow imps
  2 oozes (D:2)
  2 adder skeletons (D:4)
  An adder zombie (D:6)
  6 worms
  5 leopard geckos
  26 orcs
  A giant cockroach (D:2)
  5 goblins
  6 hobgoblins
  6 jackals
  7 kobolds
  4 quokkas
  5 bats
  A frilled lizard (D:1)
  A jackal zombie (D:5)
  A quokka skeleton (D:6)
  4 rats
170 creatures vanquished.

Notes
Turn   | Place    | Note
-------+----------+-------------------------------------------
     0 | D:1      | Bitard the Minotaur Berserker began the quest for the Orb.
     0 | D:1      | Reached XP level 1. HP: 19/19 MP: 0/0
    32 | D:1      | Reached skill level 4 in Maces & Flails
    45 | D:1      | Reached XP level 2. HP: 27/27 MP: 1/1
   709 | D:2      | Reached XP level 3. HP: 14/33 MP: 2/2
  1022 | D:2      | Reached skill level 5 in Maces & Flails
  1116 | D:2      | Reached XP level 4. HP: 40/40 MP: 3/3
  1129 | D:2      | Reached ** piety under Trog
  1152 | D:2      | Noticed Jessica
  1158 | D:2      | Killed Jessica
  1797 | D:3      | Found a shadowy altar of Dithmenos.
  1981 | D:3      | Noticed Perturabo's ghost (amateur HOFi)
  1990 | D:3      | Killed Perturabo's ghost
  1990 | D:3      | Reached skill level 6 in Maces & Flails
  1990 | D:3      | Reached XP level 5. HP: 47/47 MP: 4/4
  1990 | D:3      | Reached XP level 6. HP: 55/55 MP: 5/5
  2355 | D:4      | Reached skill level 7 in Maces & Flails
  2387 | D:4      | Reached skill level 5 in Fighting
  2950 | D:4      | Reached XP level 7. HP: 55/61 MP: 6/6
  3027 | D:4      | Noticed eXcel's ghost (amateur GrEE)
  3033 | D:4      | Killed eXcel's ghost
  3033 | D:4      | Reached skill level 5 in Armour
  3407 | D:5      | Entered Level 5 of the Dungeon
  3545 | D:5      | Found a staircase to the Ecumenical Temple.
  3566 | Temple   | Entered the Ecumenical Temple
  3683 | D:5      | Found an iron altar of Okawaru.
  3694 | D:5      | Found a basalt altar of Yredelemnul.
  3697 | D:5      | Found a sacrificial altar of Ru.
  3706 | D:5      | Reached skill level 8 in Maces & Flails
  3764 | D:5      | Found a stormy altar of Qazlal.
  3890 | D:5      | Found a shimmering altar of Xom.
  4133 | D:6      | Gained mutation: You have sharp toenails. [mutagenic meat]
  4134 | D:6      | Gained mutation: You tend to lose your temper in combat. [mutagenic meat]
  4135 | D:6      | Gained mutation: Your magical capacity is low. (-10% MP) [mutagenic meat]
  4136 | D:6      | Gained mutation: You are partially covered in yellow scales. (AC +2) [mutagenic meat]
  4137 | D:6      | Gained mutation: You have very sharp teeth. [mutagenic meat]
  4138 | D:6      | Gained mutation: You have a somewhat thin skeletal structure. (Dex +2, Stealth) [mutagenic meat]
  4181 | D:6      | Reached XP level 8. HP: 50/70 MP: 6/6
  4230 | D:6      | Reached *** piety under Trog
  4380 | D:6      | Found a bloodstained altar of Trog.
  4601 | D:6      | Reached skill level 9 in Maces & Flails
  4686 | D:6      | Reached skill level 5 in Dodging
  5069 | D:6      | Found a faded altar of an unknown god.
  5069 | D:6      | Found a faded altar of an unknown god.
  5085 | D:6      | Found a faded altar of an unknown god.
  5087 | D:6      | Found a shattered altar of Ashenzari.
  5089 | D:6      | Found a faded altar of an unknown god.
  5160 | D:7      | Noticed a hill giant
  5169 | D:7      | Killed a hill giant
  5169 | D:7      | Reached skill level 10 in Maces & Flails
  5169 | D:7      | Reached XP level 9. HP: 79/79 MP: 7/7
  5178 | D:7      | Reached **** piety under Trog
  5342 | D:7      | Found Peesm's Gadget Emporium.
  5472 | D:7      | Found a shimmering altar of Xom.
  5473 | D:7      | Found a burning altar of Makhleb.
  5524 | D:7      | Reached skill level 11 in Maces & Flails
  5750 | D:7      | Noticed a gargoyle
  5755 | D:7      | Killed a gargoyle
  5867 | D:8      | Found a snail-covered altar of Cheibriados.
  6485 | D:9      | Found a basalt altar of Yredelemnul.
  6575 | D:9      | Noticed Erolcha
  6582 | D:9      | Killed Erolcha
  6582 | D:9      | Reached skill level 12 in Maces & Flails
  6582 | D:9      | Reached XP level 10. HP: 40/90 MP: 8/8
  6623 | D:9      | HP: 3/90 [orc warrior/war axe (11)]
  6627 | D:9      | Slain by an orc warrior

Skill      XL: |  1  2  3  4  5  6  7  8  9 10 |
---------------+-------------------------------+-----
Maces & Flails | 4 5 6 7 8 10 12 | 12.1
Fighting       | 4 5 7 8 |  8.6
Armour         | 3 4 5 7 8 9 |  9.1
Dodging        | 3 4 5 6 7 |  7.0

Action                   |  1- 3 |  4- 6 |  7- 9 | 10-12 || total
-------------------------+-------+-------+-------+-------++-------
Melee: Mace              |    64 |    98 |   284 |    30 ||   476
       Headbutt          |     9 |    18 |    64 |     5 ||    96
       Kick              |       |       |    59 |     4 ||    63
       Bite              |       |       |    33 |     2 ||    35
Invok: Berserk           |     1 |     3 |     9 |     1 ||    14
       Trog's Hand       |       |     4 |     4 |     1 ||     9
  Use: Scroll            |       |     1 |     5 |       ||     6
 Stab: Distracted        |       |       |     1 |       ||     1
  Eat: Chunk             |     2 |     9 |    26 |       ||    37
       Fruit             |       |     1 |     1 |       ||     2
       Meat ration       |       |       |     1 |       ||     1
       Pizza             |       |       |     1 |       ||     1
Armor: Animal skin       |    11 |       |       |       ||    11
       Ring mail         |     4 |    21 |    80 |     3 ||   108
Dodge: Dodged            |    44 |    58 |   205 |    34 ||   341
